 Dungeon Crawl Stone Soup version 0.31-a0-845-g9abc20d24f (webtiles) character file.

Game seed: 10975762352475228599

29153 Elsrick the Geomancer (level 13, 0/95 HPs)
             Began as a Grey Draconian Earth Elementalist on Oct 2, 2023.
             Was an Elder of Makhleb.
             Slain by a large abomination (32 damage)
             ... on level 2 of the Abyss.
             The game lasted 02:26:44 (23566 turns).

Elsrick the Geomancer (DrEE)                       Turns: 23566, Time: 02:26:44

Health: 0/95       AC: 15    Str: 12    XL:     13   Next: 13%
Magic:  25/28      EV: 12    Int: 24    God:    Makhleb [****..]
Gold:   575        SH:  0    Dex: 11    Spells: 9/34 levels left

rFire   + . .        E - +6 dagger "Rusi" {freeze, rPois Int+4}
rCold   x . .        (no shield)
rNeg    . . .        (body armour unavailable)
rPois   +            (helmet restricted)
rElec   .            P - scarf {+Inv}
rCorr   .            v - +0 pair of gloves
SInv    .            m - +0 pair of boots
Will    .....        M - amulet of regeneration
Stlth   ++           r - ring of fire
HPRegen 1.15/turn    (no ring)
MPRegen 0.21/turn

%: no passive effects
@: about to teleport, on berserk cooldown, slowed, very slow
A: AC +13, amphibious, unfitting armour, cold-blooded
a: Renounce Religion, Evoke Invisibility, Minor Destruction, Lesser Servant of
Makhleb, Major Destruction


You were on level 2 of the Abyss.
You worshipped Makhleb.
Makhleb was greatly pleased with you.
You visited 3 branches of the dungeon, and saw 16 of its levels.
You visited the Abyss 1 time.
You also visited: Bailey.

You collected 762 gold pieces.
You spent 187 gold pieces at shops.

Inventory:

Hand Weapons
 b - a +0 mace
 j - a +2 heavy sling
 B - a +4 flail of draining
 E - the +6 dagger "Rusi" (weapon) {freeze, rPois Int+4}
   (You found it on level 10 of the Dungeon)

   Int+4:     It affects your intelligence (+4).
   rPois:     It protects you from poison
 I - the +5 sling of Giega {flame, rF+ Str+3 Dex+3}
   (You took it off a gnoll on level 7 of the Dungeon)

   Str+3:     It affects your strength (+3).
   Dex+3:     It affects your dexterity (+3).
   rF+:       It protects you from fire.
Missiles
 c - 17 boomerangs (quivered)
 f - 18 curare-tipped darts
 k - 184 stones
 w - 10 datura-tipped darts
Armour
 m - a +0 pair of boots (worn)
 n - a +0 cloak
 t - a +2 robe of willpower
 v - a +0 pair of gloves (worn)
 P - a scarf of invisibility (worn)
Magical Staves
 e - a staff of cold
Jewellery
 r - a ring of fire (left hand)
 y - an amulet of reflection
 M - an amulet of regeneration (around neck)
Talismans
 p - a blade talisman
 s - a maw talisman
 x - a granite talisman
 N - a beast talisman
Wands
 o - a wand of iceblast (12)
 O - a wand of flame (9)
Scrolls
 d - a scroll of brand weapon {unknown}
 g - a scroll of noise {unknown}
 l - 2 scrolls of poison
 q - a scroll of teleportation
 A - 5 scrolls of immolation
 C - 2 scrolls of vulnerability
 F - a scroll of blinking
 H - 2 scrolls of fear
 K - 2 scrolls of enchant armour
 L - a scroll of acquirement {unknown}
 R - a scroll of revelation
 S - 3 scrolls of identify
Potions
 a - 2 potions of magic
 h - 2 potions of brilliance {unknown}
 i - 3 potions of berserk rage
 u - 2 potions of might {unknown}
 z - 3 potions of degeneration {unknown}
 D - 8 potions of curing
 G - a potion of lignification {unknown}
 J - a potion of invisibility {unknown}
 Q - 2 potions of enlightenment {unknown}


   Skills:
 + Level 3.6 Fighting
 - Level 1.0 Maces & Flails
 * Level 9.4 Ranged Weapons
 + Level 0.5 Throwing
 - Level 2.2 Dodging
 - Level 2.1 Stealth
 + Level 1.8 Shields
 * Level 11.4 Spellcasting
 * Level 8.2 Conjurations
 + Level 1.0 Transmutations
 * Level 1.7 Fire Magic
 * Level 1.7 Air Magic
 + Level 13.3 Earth Magic
 + Level 1.3 Poison Magic
 * Level 6.2 Evocations


You had 9 spell levels left.
You knew the following spells:

 Your Spells              Type           Power      Damage    Failure   Level
a - Petrify               Tmut/Erth      48%        N/A       2%          4
b - Stone Arrow           Conj/Erth      100%       3d13      1%          3
c - Brom's Barrelling Bo  Conj/Erth      60%        2d8       1%          4
d - Passwall              Tmut/Erth      40%        N/A       1%          2
e - Ensorcelled Hibernat  Hex/Ice        26%        N/A       7%          2
f - Poisonous Vapours     Pois/Air       42%        N/A       3%          2
g - Ignite Poison         Fire/Tmut/Pois 30%        N/A       8%          3
h - Arcjolt               Conj/Air       18%        1d28      16%         5

Your spell library contained the following spells:

 Spells                   Type           Power      Damage    Failure   Level
 Kiss of Death            Conj/Necr      100%       2d13      1%          1
 Sandblast                Erth           100%       2d20      1%          1
 Dazzling Flash           Conj/Hex       66%        N/A       2%          3
 Mephitic Cloud           Conj/Pois/Air  31%        N/A       3%          3
 Freeze                   Ice            52%        1d6       4%          1
 Cigotuvi's Dreadful Rot  Necr/Pois/Air  36%        N/A       4%          2
 Wereblood                Tmut           18%        N/A       4%          2
 Jinxbite                 Hex            26%        N/A       7%          2
 Sublimation of Blood     Necr           13%        N/A       7%          2
 Confusing Touch          Hex            13%        N/A       14%         3
 Ozocubu's Armour         Ice            13%        N/A       14%         3
 Summon Guardian Golem    Hex/Summ       13%        N/A       14%         3
 Vhi's Electric Charge    Tloc/Air       34%        N/A       32%         4
 Freezing Cloud           Conj/Ice/Air   14%        6-21      32%         5
 Anguish                  Hex/Necr       6%         N/A       41%         4
 Cause Fear               Hex            6%         N/A       41%         4
 Dimensional Bullseye     Hex/Tloc       6%         N/A       41%         4
 Dispel Undead            Necr           13%        3d9       41%         4
 Plasma Beam              Fire/Air       16%        2x1d28    98%         6
 Summon Hydra             Summ           6%         N/A       100%        7


Dungeon Overview and Level Annotations

Branches:
Dungeon (12/15)            Temple (1/1) D:6            Lair (3/5) D:8
  Swamp (0/4) Lair:2        Snake (0/4) Lair:3          Orc (0/2) D:9
 Bailey (visited)

Altars:
Ashenzari
Cheibriados
Dithmenos
Elyvilon
Fedhas
Gozag
Hepliaklqana
Kikubaaqudgha
Makhleb
Nemelex Xobeh
Okawaru
Qazlal
Ru
Sif Muna
Trog
Uskayaw
Vehumet
Wu Jian
Xom
Yredelemnul
Zin
The Shining One

Shops:
D:2 ?   D:3 ??   D:6 (   D:7 :

Annotations:
D:7 2 transporters, knightboat's ghost, novice HuAr
D:10 Amaemon
D:12 Snorg


Innate Abilities, Weirdness & Mutations

Your dull iron-grey scales are very hard. (AC +13)
You are amphibious.
You cannot fit into any form of body armour.
You are cold-blooded and may be slowed by cold attacks.


Message History

Aiming: Brom's Barrelling Boulder (mildly dangerous; 1% risk of failure)
Press: ? - help, Dir - move target, f - large abomination
Aim: a large abomination (100% to hit)
You send a boulder barrelling forward!
A thrashing horror comes into view.
The thrashing horror moves out of view.
The thrashing horror tramples your boulder!
Your boulder holds its ground!
The thrashing horror tramples your boulder!
Your boulder holds its ground!
Your boulder slams into a wall and explodes!
The rocky shrapnel hits you but does no damage.
The rocky shrapnel hits the thrashing horror!
The thrashing horror is lightly damaged.
The thrashing horror tramples you!
You hold your ground!
The thrashing horror closely misses you.
The thrashing horror tramples you.
You hold your ground!
The thrashing horror completely misses you.
You hear a roar!
You hear a bark! x2
You hit the thrashing horror.
You tail-slap the thrashing horror, but do no damage.
The thrashing horror is lightly damaged.
The thrashing horror tramples you.
You hold your ground!
The thrashing horror tramples you but does no damage.
The thrashing horror tramples you!
* * * LOW HITPOINT WARNING * * *
You hold your ground!
The thrashing horror tramples you but does no damage.
As you read the scroll of teleportation, it crumbles to dust.
You feel strangely unstable.
You feel the power of the Abyss delaying your translocation!
The large abomination barely misses you.
You hit the large abomination. You freeze the large abomination.
The large abomination is lightly damaged.
The large abomination barely misses you.
You hit the large abomination but do no damage.
Your tail-slap misses the large abomination.
The large abomination is lightly damaged.
The large abomination hits you!!
You die...

. .. ... .
. . . . .
........
... . ...
...... . .
.. .. .. .
.... .. .
.... .. ..
.. . ...#
....# #.
...#. ###.
.. #@# . .
...
##XX.......
##...... .
#....#...
#....
.........
....... .#
..##. ..#


You could see a thrashing horror and a large abomination.

Vanquished Creatures
  Jorgrun (D:12)
  Erolcha (D:9)
  A vault guard (D:8)
  2 hydras
  Urug (D:10)
  A shadow wraith (Abyss:2)
  A manticore (D:12)
  4 elephants
  4 centaur zombies (D:10)
  A black mamba (Lair:2)
  3 cane toads
  An orange demon (D:10)
  A gargoyle (D:12)
  A centaur skeleton (D:10)
  A kobold demonologist (D:11)
  10 komodo dragons
  6 trolls
  2 hellwings (D:10)
  Prince Ribbit (Bailey)
  Grinder (D:2)
  3 hornets
  4 slime creatures (D:12)
  Sigmund (D:4)
  3 shadows
  A ynoxinul (D:8)
  3 humans (Bailey)
  3 wraiths
  2 wyverns
  2 vampires (D:12)
  4 basilisks
  11 yaks
  Grum (D:10)
  3 fire bats (Lair:3)
  5 vampire mosquitoes
  Eustachio (D:4)
  A steam dragon (D:9)
  Menkaure (D:4)
  Edmund (D:5)
  6 nagas (Lair:3)
  11 water moccasins
  2 acid dragons (D:8)
  2 sky beasts (D:7)
  5 orc warriors
  A black bear (D:8)
  2 ice beasts (D:8)
  3 wolves (D:10)
  4 centaurs
  A phantom (D:5)
  3 kobold brigands
  A gnoll sergeant (D:5)
  20 bullfrogs
  5 scorpions
  5 wights (D:10)
  3 killer bees (D:7)
  A howler monkey (D:10)
  3 hounds
  2 jellies
  5 orc priests
  Crazy Yiuf (D:5)
  Jessica (D:3)
  A gnoll bouda (D:7)
  2 sleepcaps (D:5)
  4 iguanas (D:5)
  Ijyb (D:3)
  12 orc wizards
  Natasha (thrice) (D:4)
  A boggart skeleton (D:10)
  Robin (D:3)
  10 gnolls
  4 adders
  4 shadow imps (D:10)
  A worm (D:2)
  2 dart slugs
  37 orcs
  9 ball pythons
  6 bats
  6 endoplasms
  A giant cockroach (D:1)
  11 goblins
  6 hobgoblins
  25 kobolds
  2 quokkas (D:2)
  2 frilled lizards
  2 rats
334 creatures vanquished.

Vanquished Creatures (collateral kills)
  A kobold brigand (D:8)
  2 kobolds
  34 boulders
37 creatures vanquished.

Vanquished Creatures (others)
  A kobold (D:8)
  35 boulders
36 creatures vanquished.

Grand Total: 407 creatures vanquished

Notes
Turn   | Place    | Note
-------+----------+-------------------------------------------
     0 | D:1      | Elsrick the Draconian Earth Elementalist began the quest
                  | for the Orb.
     0 | D:1      | Reached XP level 1. HP: 14/14 MP: 3/3
   106 | D:1      | Found a faded altar of an unknown god.
   150 | D:1      | Reached XP level 2. HP: 8/20 MP: 1/5
   914 | D:2      | Reached XP level 3. HP: 21/26 MP: 4/6
  1411 | D:3      | Noticed Grinder
  1412 | D:3      | Paralysed by Grinder for 5 turns
  1539 | D:3      | Found Poxuc Jio's Magic Scroll Boutique.
  1548 | D:3      | Bought a scroll of identify for 24 gold pieces
  1562 | D:3      | Noticed Jessica
  1571 | D:3      | Paralysed by Grinder for 4 turns
  1587 | D:2      | Killed Grinder
  1588 | D:2      | Reached skill level 1 in Ranged Weapons
  1588 | D:2      | Reached skill level 4 in Earth Magic
  1588 | D:2      | Reached XP level 4. HP: 32/34 MP: 0/9
  1588 | D:2      | Reached XP level 5. HP: 37/39 MP: 0/10
  1592 | D:2      | Learned a level 3 spell: Stone Arrow
  1692 | D:3      | Killed Jessica
  1694 | D:3      | Noticed Ijyb
  1695 | D:3      | Reached XP level 6. HP: 46/46 MP: 6/11
  1860 | D:3      | Killed Ijyb
  2150 | D:3      | Found a blossoming altar of Fedhas.
  2238 | D:3      | Identified the +0 helmet "Saeruck" {rC+ Will- Int+2}
  2238 | D:3      | Noticed Robin
  2249 | D:3      | Killed Robin
  2341 | D:3      | Found Hiutan's Magic Scroll Emporium.
  2652 | D:4      | Noticed Sigmund
  2733 | D:4      | Noticed Menkaure
  2737 | D:4      | Killed Menkaure
  2738 | D:4      | Reached skill level 5 in Earth Magic
  2822 | D:4      | Found a broken altar of Ashenzari.
  3053 | D:4      | Noticed Natasha
  3057 | D:4      | Killed Natasha
  3100 | D:4      | Noticed Natasha
  3105 | D:4      | Killed Natasha
  3106 | D:4      | Your scales start taking on a dull iron-grey colour.
  3106 | D:4      | Reached skill level 6 in Earth Magic
  3106 | D:4      | Reached XP level 7. HP: 45/51 MP: 7/13
  3168 | D:4      | Noticed Eustachio
  3176 | D:4      | Killed Eustachio
  3297 | D:4      | Noticed Natasha
  3301 | D:4      | Killed Natasha
  3348 | D:5      | Entered Level 5 of the Dungeon
  3359 | D:5      | Reached skill level 1 in Conjurations
  3547 | D:5      | Found a runed translucent door.
  3548 | D:5      | Noticed Crazy Yiuf
  3560 | D:5      | Reached skill level 5 in Spellcasting
  3741 | D:5      | Found an ornate altar of the Wu Jian Council.
  3741 | D:5      | Found a glowing silver altar of Zin.
  3746 | D:5      | Found a snail-covered altar of Cheibriados.
  3826 | D:5      | Reached skill level 7 in Earth Magic
  4008 | D:5      | Reached XP level 8. HP: 58/58 MP: 8/16
  4526 | D:5      | Noticed Edmund
  4543 | D:5      | Killed Edmund
  4544 | D:5      | Reached skill level 1 in Fighting
  4981 | D:6      | Found a stormy altar of Qazlal.
  4993 | D:6      | Reached skill level 8 in Earth Magic
  5017 | D:6      | Learned a level 4 spell: Brom's Barrelling Boulder
  5020 | D:6      | Learned a level 2 spell: Passwall
  5352 | D:6      | Reached skill level 1 in Maces & Flails
  5501 | D:6      | Found a white marble altar of Elyvilon.
  5548 | D:6      | Found a staircase to the Ecumenical Temple.
  5556 | Temple   | Entered the Ecumenical Temple
  5577 | Temple   | Became a worshipper of Makhleb the Destroyer
  5731 | D:6      | Found a hazy altar of Hepliaklqana.
  5809 | D:6      | Found a shadowy altar of Dithmenos.
  5896 | D:6      | Found Soshreimo's Firing Range.
  6609 | D:7      | Noticed a moth of wrath
  6615 | D:7      | Noticed knightboat's ghost (novice HuAr)
  6632 | D:7      | Reached skill level 5 in Ranged Weapons
  6977 | D:7      | Reached skill level 1 in Evocations
  6977 | D:7      | Reached XP level 9. HP: 64/64 MP: 9/18
  7387 | D:7      | Found a transporter.
  7424 | D:7      | Found a transporter.
  7435 | D:7      | Identified the +5 sling of Giega {flame, rF+ Str+3 Dex+3}
  7961 | D:7      | Reached skill level 9 in Earth Magic
  8024 | D:7      | Found Wahon's Book Boutique.
  8232 | D:8      | Found a flagged portal.
  8241 | Bailey   | Entered a bailey
  8493 | Bailey   | Reached * piety under Makhleb
  8626 | Bailey   | Noticed Prince Ribbit
  8631 | Bailey   | Killed Prince Ribbit
  8632 | Bailey   | Reached skill level 10 in Earth Magic
  8682 | Bailey   | Noticed a vault guard
  9177 | D:8      | Reached XP level 10. HP: 71/71 MP: 13/21
 10131 | D:9      | Found a staircase to the Orcish Mines.
 10354 | D:9      | Reached skill level 11 in Earth Magic
 10460 | D:9      | Learned a level 4 spell: Petrify
 10774 | D:9      | Noticed Erolcha
 10807 | D:9      | Killed Erolcha
 10981 | D:10     | Entered Level 10 of the Dungeon
 10982 | D:10     | Noticed Urug
 11103 | D:8      | Reached ** piety under Makhleb
 11238 | D:8      | Killed a vault guard
 11239 | D:8      | Reached XP level 11. HP: 47/80 MP: 7/23
 11330 | D:8      | Found a bloodstained altar of Trog.
 11341 | D:8      | Found a shimmering blue altar of Sif Muna.
 11350 | D:8      | Got a levitating book
 11795 | D:8      | Found a staircase to the Lair.
 12117 | D:8      | Found a basalt altar of Yredelemnul.
 12563 | Lair:1   | Entered Level 1 of the Lair of Beasts
 12757 | Lair:1   | Reached skill level 5 in Conjurations
 13298 | Lair:1   | Reached skill level 12 in Earth Magic
 13973 | Lair:2   | You fall into a shaft and drop 1 floor!
 14285 | Lair:3   | Found a staircase to the Snake Pit.
 14747 | Lair:3   | Learned a level 2 spell: Ensorcelled Hibernation
 14966 | Lair:3   | Reached skill level 1 in Shields
 15108 | Lair:3   | Noticed a six-headed hydra
 15258 | Lair:2   | Found a staircase to the Swamp.
 15392 | Lair:2   | Noticed a five-headed hydra
 15404 | Lair:2   | Killed a five-headed hydra
 15596 | Lair:2   | Reached skill level 10 in Spellcasting
 15648 | Lair:2   | Reached XP level 12. HP: 89/89 MP: 19/26
 15794 | Lair:2   | Learned a level 2 spell: Poisonous Vapours
 16144 | Lair:3   | Reached *** piety under Makhleb
 16351 | Lair:3   | Noticed a death yak
 16919 | Lair:3   | Killed a six-headed hydra
 16938 | Lair:3   | Noticed a death yak
 16938 | Lair:3   | Noticed a death yak
 16939 | Lair:3   | Noticed a death yak
 16939 | Lair:3   | Noticed a death yak
 16939 | Lair:3   | Noticed a death yak
 17179 | D:10     | Killed Urug
 17329 | D:10     | Got a leatherbound book
 17514 | D:10     | Reached skill level 5 in Evocations
 17834 | D:10     | Identified the +4 chain mail "Babaxa" {Regen+}
 17864 | D:10     | Found a shimmering altar of Xom.
 17865 | D:10     | Noticed Amaemon
 18035 | D:7      | Learned a level 3 spell: Ignite Poison
 18264 | D:3      | Bought a scroll of blinking for 75 gold pieces
 18415 | D:3      | Bought a scroll of identify for 24 gold pieces
 18415 | D:3      | Bought a scroll of identify for 24 gold pieces
 18563 | D:3      | Bought a scroll of identify for 20 gold pieces
 18563 | D:3      | Bought a scroll of identify for 20 gold pieces
 18666 | D:4      | Killed Sigmund
 18995 | D:5      | Killed Crazy Yiuf
 19866 | D:10     | Found a sacrificial altar of Ru.
 19919 | D:10     | Reached skill level 1 in Poison Magic
 20044 | D:10     | Identified the +6 dagger "Rusi" {freeze, rPois Int+4}
 20045 | D:10     | Noticed Grum
 20075 | D:10     | Killed Grum
 20116 | D:10     | Found a hide-covered altar of Uskayaw.
 20159 | D:10     | Reached skill level 13 in Earth Magic
 20716 | D:10     | Found an iron altar of Okawaru.
 20924 | D:11     | Reached skill level 1 in Air Magic
 21787 | D:11     | Reached skill level 1 in Fire Magic
 21893 | D:12     | Reached **** piety under Makhleb
 21897 | D:12     | Noticed Jorgrun
 22488 | D:12     | Noticed Snorg
 22735 | D:12     | Killed Jorgrun
 22736 | D:12     | Reached XP level 13. HP: 20/95 MP: 2/28
 22867 | D:12     | Learned a level 5 spell: Arcjolt
 23509 | Abyss:2  | Cast into level 2 of the Abyss (a wizard)
 23566 | Abyss:2  | Slain by a large abomination

Illustrated notes

Levels and vault maps discovered:
D:1:      saegor_arrival_simple_b, layout_rooms,
          hellmonk_ecumenical_altar_zigzags
D:2:      layout_basic
D:3:      layout_loops_ring, fedhas_altar_4, serial_shops,
          nicolae_shop_window_shopping, nicolae_shop_statue_plus, uniq_ijyb,
          uniq_grinder, uniq_jessica, uniq_robin
D:4:      layout_gridville, lemuel_doored_altar, uniq_natasha, uniq_eustachio,
          uniq_menkaure, uniq_sigmund
D:5:      layout_loops_cross, minitemple, nicolae_underground_beach,
          uniq_crazy_yiuf_cottage, uniq_edmund
D:6:      layout_layer_cave, riverfiend_overflow_shadow_ancestor,
          lemuel_round_altar, mainiacjoe_overflow_cross_hatched, temple_statues,
          nicolae_shop_firing_range
D:7:      layout_loops_ring, gammafunk_ghost_berserking_beasts, serial_shops,
          shop
D:8:      layout_cave_pods, nzn_overflow_gifts_of_might_and_magic,
          lemuel_coloured_pillars_altar, grunt_lair_entry_orc_guard_hut,
          enter_bailey_2
D:9:      layout_gridville, orc_0_dummy, uniq_erolcha
D:10:     cheibrodos_grave_circle, layout_irregular_city, amcnicky_altar_gilded,
          lemuel_tele_altar, hangedman_ru_absence, old_standard_altar,
          uniq_urug, uniq_grum, uniq_amaemon
D:11:     layout_irregular_city
D:12:     minmay_tile_spiral, layout_irregular_city, uniq_snorg, uniq_jorgrun
Temple:   hellmonk_temple_micro_hex
Lair:1:   layout_long_grid, grunt_megastairs_4, lemuel_fruit_tree
Lair:2:   layout_big_grid, swamp_mist, grunt_megastairs_3
Lair:3:   layout_small_grid, minmay_snake_entry_guardpost_large,
          nicolae_volcano_entry_batcave, lemuel_old_faithful,
          grunt_megastairs_5, serial_bayou_shore_b
Abyss:2:  base: D:13, bh_silent_lugonu_exit

Skill      XL: |  1  2  3  4  5  6  7  8  9 10 11 12 |
---------------+-------------------------------------+-----
Ranged Weapons | 1 2 4 5 6 7 8 9 |  9.4
Dodging        | 2 |  2.2
Stealth        | 2 |  2.1
Spellcasting   | 3 4 5 6 7 8 10 11 | 11.4
Earth Magic    | 4 6 7 8 10 11 12 13 | 13.3
Conjurations   | 1 3 4 6 8 |  8.2
Fighting       | 1 2 3 |  3.6
Maces & Flails | 1 |  1.0
Evocations     | 1 2 3 4 6 |  6.2
Shields        | 1 |  1.8
Poison Magic   | 1 |  1.3
Air Magic      | 1 |  1.7
Fire Magic     | 1 |  1.7
Throwing       | |  0.5
Transmutations | |  1.0

Action                     |  1- 3 |  4- 6 |  7- 9 | 10-12 | 13-15 || total
---------------------------+-------+-------+-------+-------+-------++-------
  Melee: Mace              |    11 |       |       |       |       ||    11
         Flail             |       |       |       |     2 |       ||     2
         Dagger            |       |       |       |       |     6 ||     6
         Tailslap          |       |       |       |       |     1 ||     1
   Fire: Sling             |    11 |    29 |    84 |   302 |    27 ||   453
  Throw: Boomerang         |    12 |       |       |       |       ||    12
   Cast: Sandblast         |    42 |    19 |    36 |     4 |       ||   101
         Stone Arrow       |       |    11 |    91 |   311 |     8 ||   421
         Brom's Barrelling |       |       |    22 |    90 |     4 ||   116
         Petrify           |       |       |       |     5 |       ||     5
         Poisonous Vapours |       |       |       |    25 |       ||    25
         Ignite Poison     |       |       |       |    10 |       ||    10
  Evoke: Wand              |       |       |     7 |    10 |       ||    17
    Use: Potion            |     2 |     1 |       |     2 |     1 ||     6
         Scroll            |     1 |       |     6 |    10 |     1 ||    18
 Armour: Skin              |    14 |    20 |    77 |   270 |    40 ||   421
  Dodge: Dodged            |    26 |     8 |    46 |   137 |     9 ||   226
  Block: Other             |       |       |    20 |    11 |       ||    31
         Reflection        |       |       |     1 |     1 |       ||     2

Table legend: (Time is in decaauts)
 A = Elapsed time spent in this place.
 B = Non-inter-level travel time spent in this place.
 C = Inter-level travel time spent in this place.
 D = Time resting spent in this place.
 E = Time spent auto-exploring this place.
 F = Levels seen in this place.
 G = Mean time per level.
                   A        B        C        D        E       F      G
               +--------+--------+--------+--------+--------+-----+--------+
         Total |  23781 |  21691 |   2090 |   9322 |   6157 |  18 | 1321.2 |
       Dungeon |  18410 |  16361 |   2049 |   6550 |   5162 |  12 | 1534.2 |
        Temple |     28 |     28 |      0 |      0 |      0 |   1 |   28.0 |
          Lair |   4469 |   4428 |     41 |   2183 |    995 |   3 | 1489.7 |
         Abyss |     78 |     78 |      0 |     27 |      0 |   1 |   78.0 |
        Bailey |    794 |    794 |      0 |    561 |      0 |   1 |  794.0 |
               +--------+--------+--------+--------+--------+-----+--------+

Top non-repeatable levels by time:
     D:8: 2304 daAuts
     D:9: 2126 daAuts
     D:6: 2068 daAuts
    D:10: 1703 daAuts
     D:5: 1660 daAuts
  Lair:3: 1652 daAuts
  Lair:2: 1584 daAuts
     D:7: 1558 daAuts
     D:3: 1548 daAuts
    D:11: 1495 daAuts
    D:12: 1261 daAuts
  Lair:1: 1232 daAuts
     D:2: 1053 daAuts
     D:4: 967 daAuts
  Bailey: 794 daAuts
